3AA
SAN ANTONIO BC @ BATTLE GROUND AEROS
09/14/2021
 
TOP OF THE 1ST
San Antonio BC batting - Pitching for Battle Ground Aeros : RHP Job Poppe
Pitching: RHP Job Poppe
Batting: RHB Albert Delgado 0-0: Swinging Strike
0-1: Ball
1-1: Ball
2-1: Called Strike
2-2: Strikes out swinging
Batting: SHB Xavier Vásquez 0-0: Foul Ball, location: 2F
0-1: Foul Ball, location: 2F
0-2: Strikes out looking
Batting: LHB Enrique Sánchez 0-0: Swinging Strike
0-1: Swinging Strike
0-2: Ball
1-2: Strikes out swinging
Top of the 1st over - 0 run(s), 0 hit(s), 0 error(s), 0 left on base; San Antonio 0 - Battle Ground 0
BOTTOM OF THE 1ST
Battle Ground Aeros batting - Pitching for San Antonio BC : LHP Howard Ventura
Pitching: LHP Howard Ventura
Batting: RHB Jim Unknown 0-0: Called Strike
0-1: Ball
1-1: Foul Ball, location: 2F
1-2: Ball
2-2: Foul Ball, location: 2F
2-2: Ground out 5-3 (Groundball, 56)
Batting: SHB Jim Unknown 0-0: Fly out, F2 (Popup, 23F)
Batting: RHB Jorge Rivera 0-0: Ball
1-0: Ball
2-0: Ball
3-0: Swinging Strike
3-1: Base on Balls
Batting: RHB Artie Miller 0-0: Ball
1-0: Called Strike
1-1: Swinging Strike
1-2: Foul Ball, location: 2F
1-2: Ground out 4-3 (Groundball, 4)
Bottom of the 1st over - 0 run(s), 0 hit(s), 0 error(s), 1 left on base; San Antonio 0 - Battle Ground 0
TOP OF THE 2ND
San Antonio BC batting - Pitching for Battle Ground Aeros : RHP Job Poppe
Batting: RHB Orlando Padilla 0-0: Swinging Strike
0-1: Ground out 5-3 (Groundball, 5S)
Batting: RHB Carlos Vega 0-0: Ball
1-0: Called Strike
1-1: Fly out, F9 (Flyball, 9M)
Batting: RHB Joseph Gray 0-0: Fly out, F8 (Flyball, 8LXD)
Top of the 2nd over - 0 run(s), 0 hit(s), 0 error(s), 0 left on base; San Antonio 0 - Battle Ground 0
BOTTOM OF THE 2ND
Battle Ground Aeros batting - Pitching for San Antonio BC : LHP Howard Ventura
Batting: RHB Jim Unknown 0-0: Ball
1-0: Called Strike
1-1: Foul Ball, location: 2F
1-2: Ball
2-2: Ground out 6-3 (Groundball, 6)
Batting: RHB Jim Unknown 0-0: Ground out 6-3 (Groundball, 56)
Batting: RHB Jim Unknown 0-0: Ball
1-0: Called Strike
1-1: Fly out, F9 (Flyball, 9LSF)
Bottom of the 2nd over - 0 run(s), 0 hit(s), 0 error(s), 0 left on base; San Antonio 0 - Battle Ground 0
TOP OF THE 3RD
San Antonio BC batting - Pitching for Battle Ground Aeros : RHP Job Poppe
Batting: LHB Miguel García 0-0: Ball
1-0: Ground out 2-3 (Groundball, 2L)
Batting: LHB Álex Ramírez 0-0: Foul Ball, location: 2F
0-1: Ball
1-1: Ball
2-1: Ball
3-1: Swinging Strike
3-2: Base on Balls
Batting: RHB Martín Álvarez 0-0: Ball
1-0: Called Strike
Álex Ramírez steals 2nd base
1-1: Ball
Álex Ramírez is caught stealing 3rd base
2-1: Ground out 2-3 (Groundball, 2L)
Top of the 3rd over - 0 run(s), 0 hit(s), 0 error(s), 0 left on base; San Antonio 0 - Battle Ground 0
BOTTOM OF THE 3RD
Battle Ground Aeros batting - Pitching for San Antonio BC : LHP Howard Ventura
Batting: LHB Jim Unknown 0-0: Ball
1-0: DOUBLE (Flyball, 89XD)
Batting: RHB Jim Unknown 0-0: Called Strike
0-1: Ball
1-1: Foul Ball, location: 2F
1-2: Foul Ball, location: 2F
1-2: Ball
2-2: Ball
3-2: Fly out, F8 (Line Drive, 8LS)
Batting: RHB Jim Unknown 0-0: Foul Ball, location: 2F
0-1: Ball
1-1: Ball
2-1: Swinging Strike
2-2: Ball
3-2: Strikes out swinging
Batting: SHB Jim Unknown 0-0: Swinging Strike
0-1: Ball
1-1: Fly out, F7 (Flyball, 78M)
Bottom of the 3rd over - 0 run(s), 1 hit(s), 0 error(s), 1 left on base; San Antonio 0 - Battle Ground 0
TOP OF THE 4TH
San Antonio BC batting - Pitching for Battle Ground Aeros : RHP Job Poppe
Batting: RHB Albert Delgado 0-0: Ball
1-0: Ball
2-0: Called Strike
2-1: Ball
3-1: Foul Ball, location: 2F
3-2: Base on Balls
Batting: SHB Xavier Vásquez 0-0: Fly out, F2 (Popup, 5SF)
Batting: LHB Enrique Sánchez 0-0: Ball
1-0: Ball
2-0: Foul Ball, location: 2F
2-1: Swinging Strike
2-2: Ball
3-2: Base on Balls
Albert Delgado to second
Batting: RHB Orlando Padilla 0-0: Called Strike
0-1: Grounds into double play, 4-6-3 (Groundball, 34)
Top of the 4th over - 0 run(s), 0 hit(s), 0 error(s), 1 left on base; San Antonio 0 - Battle Ground 0
BOTTOM OF THE 4TH
Battle Ground Aeros batting - Pitching for San Antonio BC : LHP Howard Ventura
Batting: RHB Jorge Rivera 0-0: Called Strike
0-1: Ball
1-1: Swinging Strike
1-2: Fly out, F5 (Line Drive, 56)
Batting: RHB Artie Miller 0-0: Ball
1-0: Foul Ball, location: 2F
1-1: Ball
2-1: Ground out 4-3 (Groundball, 4)
Batting: RHB Jim Unknown 0-0: Ball
1-0: Ball
2-0: Ball
3-0: Called Strike
3-1: DOUBLE (Flyball, 7M)
Batting: RHB Jim Unknown 0-0: Swinging Strike
0-1: Swinging Strike
0-2: Fly out, F8 (Popup, 8LS)
Bottom of the 4th over - 0 run(s), 1 hit(s), 0 error(s), 1 left on base; San Antonio 0 - Battle Ground 0
TOP OF THE 5TH
San Antonio BC batting - Pitching for Battle Ground Aeros : RHP Job Poppe
Batting: RHB Carlos Vega 0-0: Ball
1-0: Ground out 4-3 (Groundball, 34)
Batting: RHB Joseph Gray 0-0: Ground out 5-3 (Groundball, 56)
Batting: LHB Miguel García 0-0: Called Strike
0-1: Ball
1-1: Ball
2-1: Foul Ball, location: 2F
2-2: Ball
3-2: Foul Ball, location: 2F
3-2: DOUBLE (Line Drive, 9LM)
Batting: LHB Álex Ramírez 0-0: Called Strike
0-1: Foul Ball, location: 2F
0-2: Ball
1-2: Fly out, F9 (Line Drive, 9M)
Top of the 5th over - 0 run(s), 1 hit(s), 0 error(s), 1 left on base; San Antonio 0 - Battle Ground 0
BOTTOM OF THE 5TH
Battle Ground Aeros batting - Pitching for San Antonio BC : LHP Howard Ventura
Batting: RHB Jim Unknown 0-0: Called Strike
0-1: Swinging Strike
0-2: Ball
1-2: Ball
2-2: Foul Ball, location: 2F
2-2: Strikes out swinging
Batting: LHB Jim Unknown 0-0: Swinging Strike
0-1: Swinging Strike
0-2: Strikes out looking
Batting: RHB Jim Unknown 0-0: Ball
1-0: Swinging Strike
1-1: Foul Ball, location: 2F
1-2: Strikes out swinging
Bottom of the 5th over - 0 run(s), 0 hit(s), 0 error(s), 0 left on base; San Antonio 0 - Battle Ground 0
TOP OF THE 6TH
San Antonio BC batting - Pitching for Battle Ground Aeros : RHP Job Poppe
Batting: RHB Martín Álvarez 0-0: Ball
1-0: Called Strike
1-1: Called Strike
1-2: Ball
2-2: Ball
3-2: Base on Balls
Batting: RHB Albert Delgado 0-0: Ball
1-0: Ball
2-0: Fielders Choice at 2nd, 6-4 (Groundball, 6)
Batting: SHB Xavier Vásquez 0-0: Called Strike
0-1: Ball
1-1: Swinging Strike
1-2: Fly out, F4 (Popup, 4M)
Pitching: RHP Will Benton
Batting: LHB Enrique Sánchez 0-0: Ball
1-0: Ball
2-0: Foul Ball, location: 2F
2-1: Called Strike
2-2: Strikes out looking
Top of the 6th over - 0 run(s), 0 hit(s), 0 error(s), 1 left on base; San Antonio 0 - Battle Ground 0
BOTTOM OF THE 6TH
Battle Ground Aeros batting - Pitching for San Antonio BC : LHP Howard Ventura
Batting: RHB Jim Unknown 0-0: Ground out 5-3 (Groundball, 56)
Batting: SHB Jim Unknown 0-0: Foul Ball, location: 2F
0-1: Ground out 6-3 (Groundball, 6M)
Batting: RHB Jorge Rivera 0-0: Foul Ball, location: 2F
0-1: Fly out, F6 (Line Drive, 6)
Bottom of the 6th over - 0 run(s), 0 hit(s), 0 error(s), 0 left on base; San Antonio 0 - Battle Ground 0
TOP OF THE 7TH
San Antonio BC batting - Pitching for Battle Ground Aeros : RHP Will Benton
Batting: RHB Orlando Padilla 0-0: Called Strike
0-1: Called Strike
0-2: Foul Ball, location: 2F
0-2: Strikes out looking
Batting: RHB Carlos Vega 0-0: Ball
1-0: Ball
2-0: Called Strike
2-1: Foul Ball, location: 2F
2-2: Ground out 2-3 (Groundball, 25)
Pinch Hitting: LHB Keith Gardner 0-0: Ball
1-0: Ball
2-0: Called Strike
2-1: Ball
3-1: Foul Ball, location: 2F
3-2: Foul Ball, location: 2F
3-2: Ground out 6-3 (Groundball, 6)
Top of the 7th over - 0 run(s), 0 hit(s), 0 error(s), 0 left on base; San Antonio 0 - Battle Ground 0
BOTTOM OF THE 7TH
Battle Ground Aeros batting - Pitching for San Antonio BC : LHP Howard Ventura
Now in LF: Keith Gardner
Batting: RHB Artie Miller 0-0: Ball
1-0: Called Strike
1-1: Ball
2-1: Ball
3-1: Base on Balls
Batting: RHB Jim Unknown 0-0: Ball
1-0: Foul Ball, location: 2F
1-1: Foul Ball, location: 2F
1-2: Ball
2-2: Strikes out swinging
Batting: RHB Jim Unknown 0-0: Swinging Strike
0-1: Ball
1-1: Swinging Strike
1-2: Strikes out swinging
Pinch Hitting: RHB Jim Unknown 0-0: Ball
1-0: Ball
2-0: Foul Ball, location: 2F
2-1: Swinging Strike
2-2: Strikes out looking
Bottom of the 7th over - 0 run(s), 0 hit(s), 0 error(s), 1 left on base; San Antonio 0 - Battle Ground 0
TOP OF THE 8TH
San Antonio BC batting - Pitching for Battle Ground Aeros : RHP Will Benton
Now in LF: Jim Unknown
Pinch Hitting: RHB Alfredo Rivera 0-0: Foul Ball, location: 2F
0-1: Fly out, F8 (Flyball, 8RM)
Batting: LHB Álex Ramírez 0-0: Called Strike
0-1: Ball
1-1: Foul Ball, location: 2F
1-2: Foul Ball, location: 2F
1-2: Strikes out swinging
Pinch Hitting: RHB Daniel Drake 0-0: Called Strike
0-1: Swinging Strike
0-2: Ball
1-2: Ball
2-2: Fly out, F6 (Line Drive, 56)
Top of the 8th over - 0 run(s), 0 hit(s), 0 error(s), 0 left on base; San Antonio 0 - Battle Ground 0
BOTTOM OF THE 8TH
Battle Ground Aeros batting - Pitching for San Antonio BC : LHP Howard Ventura
Now at 1B: Alfredo Rivera
Now at 2B: Pedro Sánchez
Batting: LHB Jim Unknown 0-0: Ball
1-0: Ball
2-0: Called Strike
2-1: Ball
3-1: Base on Balls
Batting: RHB Jim Unknown 0-0: Sac Bunt - play at second, runner OUT! 2-6
Batting: RHB Jim Unknown 0-0: Ball
1-0: Ball
2-0: Called Strike
2-1: Fly out, F6 (Line Drive, 6)
Batting: SHB Jim Unknown 0-0: Ball
1-0: Called Strike
1-1: Ball
2-1: Ball
3-1: Called Strike
3-2: SINGLE (Line Drive, 78M)
Jim Unknown to second
Jim Unknown to third
Batting: RHB Jorge Rivera 0-0: Called Strike
0-1: Reached on error, E1 (Groundball, 13S)
Jim Unknown scores
Jim Unknown to third
Batting: RHB Artie Miller 0-0: Ball
1-0: Ball
2-0: Called Strike
2-1: Foul Ball, location: 2F
2-2: Strikes out swinging
Bottom of the 8th over - 1 run(s), 1 hit(s), 1 error(s), 2 left on base; San Antonio 0 - Battle Ground 1
TOP OF THE 9TH
San Antonio BC batting - Pitching for Battle Ground Aeros : RHP Will Benton
Pitching: RHP Will O'Slattery
Batting: RHB Albert Delgado 0-0: Called Strike
0-1: SINGLE (Groundball, 5D)
Batting: SHB Xavier Vásquez 0-0: Ball
1-0: Called Strike
1-1: Bunted foul
1-2: Fly out, F9 (Flyball, 9M)
Batting: LHB Enrique Sánchez 0-0: Ball
1-0: Fly out, F5 (Popup, 5F)
Batting: RHB Orlando Padilla 0-0: Called Strike
0-1: Ground out 1-3 (Groundball, 13)
Top of the 9th over - 0 run(s), 1 hit(s), 0 error(s), 1 left on base; San Antonio 0 - Battle Ground 1
This league is powered by Out of the Park Baseball, the baseball management simulation game for PC, Mac and Linux
Friday, January 22nd, 2016 - OOTP Baseball 16.9 Build 39